 Dungeon Crawl Stone Soup version 0.29-a0-378-gc08b2e8bf8 (webtiles) character file.

Game seed: 10827586073879744203

1448 Antichthon the Grave Robber (level 8, -13/65 (67) HPs)
             Began as a Deep Dwarf Necromancer on May 5, 2022.
             Was an Initiate of Makhleb.
             Mangled by a two-headed ogre
             ... wielding a +0 giant club
              (20 damage)
             ... on level 6 of the Dungeon.
             The game lasted 00:21:49 (6213 turns).

Antichthon the Grave Robber (DDNe)                  Turns: 6213, Time: 00:21:49

HP:   -13/65 (67)   AC: 10    Str: 11    XL:     8   Next: 46%
MP:   13/13         EV: 11    Int: 16    God:    Makhleb [......]
Gold: 116           SH:  4    Dex: 13    Spells: 13/17 levels left

rFire   . . .      SeeInvis +   a - +8 trident "Aklaukhlo" {vorpal, Will+ rCorr Str-3}
rCold   . . .      Faith    .   r - +0 buckler
rNeg    . . .      Spirit   .   n - +0 ring mail
rPois   .          Reflect  .   m - +0 helmet
rElec   .          Harm     .   y - +0 cloak "Irhuagon" {SInv}
rCorr   +          Rampage  .   c - +0 pair of gloves
Will    ++...                   z - +0 pair of boots
Stlth   +.........              (no amulet)
HPRegen 0.00/turn               (no ring)
MPRegen 0.13/turn               (no ring)

@: about to teleport, lightly drained
A: damage resistance, heal wounds, sense surroundings 1, no regeneration
a: Heal Wounds, Renounce Religion


You were on level 6 of the Dungeon.
You worshipped Makhleb.
Makhleb was noncommittal.
You visited 2 branches of the dungeon, and saw 7 of its levels.
You also visited: Sewer.

You collected 254 gold pieces.
You spent 138 gold pieces at shops.

Inventory:

Hand Weapons
 a - the +8 trident "Aklaukhlo" (weapon) {vorpal, Will+ rCorr Str-3}
   (You found it on level 5 of the Dungeon)

   It inflicts extra damage upon your enemies.
   Str:       It affects your strength (-3).
   rCorr:     It protects you from acid and corrosion.
   Will:      It increases your willpower.
Missiles
 j - 2 throwing nets
Armour
 c - a +0 pair of gloves (worn)
 m - a +0 helmet (worn)
 n - a +0 ring mail (worn)
 r - a +0 buckler (worn)
 y - the +0 cloak "Irhuagon" (worn) {SInv}
   (You acquired it on level 4 of the Dungeon)

   SInv:      It lets you see invisible.
 z - a +0 pair of boots (worn)
Jewellery
 s - a ring of ice
 x - a ring of positive energy
Wands
 i - a wand of charming (10)
 k - a wand of flame (8)
 u - a wand of paralysis (6)
Scrolls
 h - 4 scrolls of poison
 q - 2 scrolls of enchant armour
 t - a scroll of amnesia
Potions
 b - 2 potions of magic
 e - 3 potions of flight
 f - a potion of berserk rage
 g - a potion of haste
 l - a potion of mutation {unknown}
 o - 3 potions of curing
 p - a potion of attraction {unknown}
 v - a potion of resistance
 w - 2 potions of heal wounds {unknown}
 A - 2 potions of might {unknown}


   Skills:
 * Level 2.2 Fighting
 * Level 2.5 Axes
 * Level 3.1 Armour
 * Level 3.4 Dodging
 - Level 2.4 Stealth
 * Level 2.4 Shields
 * Level 5.4 Spellcasting
 * Level 7.7 Necromancy
 - Level 1.0 Invocations


You had 13 spell levels left.
You knew the following spells:

 Your Spells              Type           Power      Damage    Failure   Level
a - Pain                  Necr           100%       1d9       1%          1
b - Vampiric Draining     Necr           29%        2d8       5%          3

Your spell library contained the following spells:

 Spells                   Type           Power      Damage    Failure   Level
 Animate Skeleton         Necr           58%        N/A       1%          1
 Animate Dead             Necr           14%        N/A       19%         4
 Slow                     Hex            16%        N/A       41%         1
 Summon Small Mammal      Summ           16%        N/A       41%         1
 Agony                    Necr           29%        N/A       45%         5
 Call Canine Familiar     Summ           4%         N/A       80%         3
 Confusing Touch          Hex            4%         N/A       80%         3
 Gell's Gravitas          Tloc           4%         N/A       80%         3
 Lesser Beckoning         Tloc           4%         N/A       80%         3
 Summon Guardian Golem    Hex/Summ       4%         N/A       80%         3
 Teleport Other           Tloc           4%         N/A       80%         3


Dungeon Overview and Level Annotations

Branches:
Dungeon (6/15)             Temple (1/1) D:5           Sewer (visited)

Altars:
Ashenzari
Cheibriados
Dithmenos
Elyvilon
Fedhas
Gozag
Hepliaklqana
Kikubaaqudgha
Makhleb
Nemelex Xobeh
Okawaru
Qazlal
Ru
Sif Muna
Trog
Vehumet
Wu Jian
Xom
Yredelemnul
Zin
The Shining One

Shops:
D:3 [??:*

Annotations:
D:5 Duvessa


Innate Abilities, Weirdness & Mutations

You are resistant to damage.
You can heal yourself by infusing magical energy.
You passively map a small area around you.
You do not regenerate.


Message History

Okay, then.
Unknown command.
Aiming: Paralyse
Press: ? - help, Shift-Dir - straight line, f - two-headed ogre
Aim: a two-headed ogre, wielding two +0 giant clubs (chance to affect: 31%)
The two-headed ogre easily resists.
A necrophage comes into view.
Unknown command.
Aiming: Paralyse
Press: ? - help, Shift-Dir - straight line, f/p - two-headed ogre
Aim: a two-headed ogre, wielding two +0 giant clubs (chance to affect: 31%)
The two-headed ogre easily resists.
The two-headed ogre hits you with a +0 giant club!
The two-headed ogre hits you with a +0 giant club!!
* * * LOW HITPOINT WARNING * * *
Aiming: Paralyse
Press: ? - help, Shift-Dir - straight line, f/p - two-headed ogre
Aim: a two-headed ogre, wielding two +0 giant clubs (chance to affect: 31%)
The two-headed ogre easily resists.
Okay, then.
Your magical essence is drained by the effort!
You feel much better.
The two-headed ogre hits you with a +0 giant club! x2
* * * LOW HITPOINT WARNING * * *
Unknown command.
Your magical essence is drained by the effort!
You feel much better. The two-headed ogre closely misses you.
The two-headed ogre barely misses you.
Unknown command.
As you read the scroll of teleportation, it crumbles to dust.
You feel strangely unstable. The necrophage completely misses you.
Unknown command.
The two-headed ogre attacks as you move away!
The two-headed ogre hits you with a +0 giant club!! x2
* * * LOW HITPOINT WARNING * * *
The necrophage hits you.
You feel drained.
Unknown command.
The two-headed ogre attacks as you move away!
The two-headed ogre hits you with a +0 giant club!!
You die...

* ### * , ..# *
## #.# ,..
##.## * *
#.#...###### ,
##..@n......# ,
#....O....#.
#....#######.#,
,* #.#.,* * * ,
. # ,* , * * *
, * * , * * , ,
*


You could see a two-headed ogre and a necrophage.

Vanquished Creatures
  Grinder (D:5)
  Prince Ribbit (D:5)
  Sigmund (D:2)
  2 bullfrogs (Sewer)
  4 scorpions
  Dowan (D:5)
  An orc priest (D:4)
  2 hounds
  2 iguanas (D:5)
  Natasha (thrice) (D:2)
  Robin (D:2)
  3 gnolls (D:5)
  9 adders
  2 river rats (D:5)
  3 worms
  A dart slug (D:1)
  9 orcs
  8 ball pythons
  7 endoplasms
  8 giant cockroaches
  3 hobgoblins
  7 jackals
  6 quokkas
  7 bats
  9 frilled lizards
  24 goblins
  4 kobolds
  9 rats
138 creatures vanquished.

Vanquished Creatures (others)
  2 withered plants (D:2)
2 creatures vanquished.

Grand Total: 140 creatures vanquished

Notes
Turn   | Place    | Note
-------+----------+-------------------------------------------
     0 | D:1      | Antichthon the Deep Dwarf Necromancer began the quest for
                  | the Orb.
     0 | D:1      | Reached XP level 1. HP: 15/15 MP: 3/3
   293 | D:1      | Reached XP level 2. HP: 22/22 MP: 2/4
  1031 | D:2      | Reached skill level 1 in Invocations
  1031 | D:2      | Reached XP level 3. HP: 26/30 MP: 0/6
  1035 | D:2      | Learned a level 3 spell: Vampiric Draining
  1101 | D:2      | Noticed Robin
  1149 | D:2      | Reached skill level 5 in Necromancy
  1224 | D:2      | Killed Robin
  1288 | D:1      | Reached XP level 4. HP: 24/37 MP: 3/7
  1654 | D:2      | Noticed Sigmund
  1660 | D:2      | Noticed Natasha
  1679 | D:2      | Killed Natasha
  1684 | D:2      | Killed Sigmund
  1685 | D:2      | Reached skill level 6 in Necromancy
  1685 | D:2      | Reached XP level 5. HP: 15/43 MP: 0/10
  1720 | D:2      | Reached XP level 6. HP: 20/50 MP: 2/11
  1739 | D:2      | Noticed Natasha
  2011 | D:2      | Killed Natasha
  2274 | D:2      | Found a faded altar of an unknown god.
  2472 | D:2      | Noticed Natasha
  2477 | D:2      | Killed Natasha
  2650 | D:3      | Reached skill level 1 in Fighting
  2807 | D:3      | Found a snail-covered altar of Cheibriados.
  2930 | D:3      | Found Faazior's Magic Scroll Shop.
  2933 | D:3      | Bought a scroll of identify for 24 gold pieces
  2933 | D:3      | Bought a scroll of enchant armour for 90 gold pieces
  2933 | D:3      | Bought a scroll of identify for 24 gold pieces
  2962 | D:3      | Found Baoseh's Book Shoppe.
  3055 | D:3      | Found Ziubooq's Antique Armour Shoppe.
  3275 | D:3      | Found Zotink's Magic Scroll Boutique.
  3470 | D:3      | Found Fedic's Assorted Antiques.
  3845 | D:4      | Reached XP level 7. HP: 36/57 MP: 5/12
  4132 | D:4      | Reached skill level 7 in Necromancy
  4290 | D:4      | Identified a scroll of acquirement
  4290 | D:4      | Acquired the +0 cloak "Irhuagon" {SInv}
  4566 | D:5      | Entered Level 5 of the Dungeon
  4709 | D:5      | Reached skill level 1 in Shields
  4736 | D:5      | Reached skill level 1 in Armour
  4741 | D:5      | Noticed Grinder
  4784 | D:5      | Paralysed by Grinder for 4 turns
  4790 | D:5      | Killed Grinder
  4791 | D:5      | Reached skill level 1 in Axes
  4791 | D:5      | Reached skill level 5 in Spellcasting
  4808 | D:5      | Identified the +8 trident "Aklaukhlo" {vorpal, Will+ rCorr
                  | Str-3}
  4899 | D:5      | Found a glowing drain.
  4907 | Sewer    | Entered a sewer
  5255 | Sewer    | Reached XP level 8. HP: 57/66 MP: 14/14
  5583 | D:5      | Found a staircase to the Ecumenical Temple.
  5591 | Temple   | Entered the Ecumenical Temple
  6002 | Temple   | Became a worshipper of Makhleb the Destroyer
  6068 | D:5      | Noticed Prince Ribbit
  6074 | D:5      | Killed Prince Ribbit
  6120 | D:5      | Noticed Dowan
  6122 | D:5      | Noticed Duvessa
  6168 | D:5      | Killed Dowan
  6205 | D:6      | Noticed a two-headed ogre
  6213 | D:6      | Mangled by a two-headed ogre

Illustrated notes

Levels and vault maps discovered:
D:1:      scummos_arrival_simple_fountains, layout_loops_ring
D:2:      layout_rooms, shapermc_ecumenical_altar_flowoftime, uniq_robin,
          uniq_natasha, uniq_sigmund
D:3:      layout_basic, mainiacjoe_overflow_24_doors, serial_shops,
          nicolae_shop_trees, nicolae_shop_statue_plus, shop,
          nicolae_shop_behind_doors, shop
D:4:      layout_basic, grunt_decor_clamped
D:5:      layout_basic, minmay_temple_entry_large_hall, portal_sewer_entry_e,
          uniq_prince_ribbit1, uniq_grinder, uniq_duvessa
D:6:      layout_loops_ring, minmay_shop_grid_forest, nicolae_shop_dragon_depot
Temple:   mainiacjoe_temple_big_plus

Skill      XL: |  1  2  3  4  5  6  7  8 |
---------------+-------------------------+-----
Spellcasting   | 2 3 4 5 |  5.4
Invocations    | 1 |  1.0
Necromancy     | 5 6 7 |  7.7
Fighting       | 1 2 |  2.2
Shields        | 2 |  2.4
Armour         | 2 3 |  3.1
Axes           | 1 2 |  2.5
Dodging        | 3 |  3.4
Stealth        | |  2.4

Action                   |  1- 3 |  4- 6 |  7- 9 || total
-------------------------+-------+-------+-------++-------
Melee: Spear             |   137 |     3 |       ||   140
       Dagger            |       |    26 |       ||    26
       Hand axe          |       |    89 |    57 ||   146
       Trident           |       |       |    69 ||    69
 Cast: Pain              |    21 |     2 |       ||    23
       Vampiric Draining |     3 |    31 |    25 ||    59
 Abil: Heal Wounds       |     2 |     3 |     3 ||     8
Evoke: Wand              |       |       |    11 ||    11
  Use: Scroll            |     7 |     5 |     5 ||    17
       Potion            |       |     1 |       ||     1
 Stab: Sleeping          |     3 |     1 |     1 ||     5
Armor: Robe              |    16 |    10 |       ||    26
       Ring mail         |       |    34 |    62 ||    96
Dodge: Dodged            |    93 |    94 |    59 ||   246
Block: Buckler           |       |     8 |    26 ||    34

Table legend: (Time is in decaauts)
 A = Elapsed time spent in this place.
 B = Non-inter-level travel time spent in this place.
 C = Inter-level travel time spent in this place.
 D = Time resting spent in this place.
 E = Time spent auto-exploring this place.
 F = Levels seen in this place.
 G = Mean time per level.
                   A        B        C        D        E       F      G
               +--------+--------+--------+--------+--------+-----+--------+
         Total |   6364 |   6115 |    249 |    580 |   3599 |   8 |  795.5 |
       Dungeon |   5331 |   5104 |    227 |    475 |   3058 |   6 |  888.5 |
        Temple |    433 |    411 |     22 |      0 |    384 |   1 |  433.0 |
         Sewer |    599 |    599 |      0 |    105 |    157 |   1 |  599.0 |
               +--------+--------+--------+--------+--------+-----+--------+

Top non-repeatable levels by time:
     D:2: 1456 daAuts
     D:1: 1229 daAuts
     D:4: 1021 daAuts
     D:3: 905 daAuts
     D:5: 711 daAuts
   Sewer: 599 daAuts
  Temple: 433 daAuts
     D:6: 7 daAuts
